 Dungeon Crawl Stone Soup version 0.32-a0-975-g85d4e5bfdb (webtiles) character file.

Game seed: 10229271545433963787

631 Cancer the Changeling (level 7, -2/43 HPs)
             Began as an Octopode Shapeshifter on Apr 18, 2024.
             Was a Follower of Uskayaw.
             Slain by a lemure (5 damage)
             ... led by Pikel
             ... on level 5 of the Dungeon.
             The game lasted 00:08:29 (4306 turns).

Cancer the Changeling (Octopode Shapeshifter)       Turns: 4306, Time: 00:08:30

Health: -2/43      AC:  1    Str: 15    XL:     7   Next: 48%
Magic:  7/7        EV: 12    Int: 13    God:    Uskayaw [*.....]
Gold:   198        SH:  0    Dex: 17    Spells: 6/6 levels left

rFire   . . .        j - +2 dagger (drain)
rCold   . . .        (no shield)
rNeg    + . .        (helmet currently unavailable)
rPois   .            (no amulet)
rElec   .            l - +6 ring of dexterity
rCorr   .            m - ring of positive energy
SInv    .            u - ring of willpower
Will    +....        (no ring)
Stlth   ++++         (no ring)
HPRegen 0.27/turn    (no ring)
MPRegen 0.10/turn    (no ring)
                     (no ring)

%: no passive effects
@: beast-form
A: beast (slay +4), almost no armour, amphibious, 8 rings, camouflage 1,
gelatinous body 1, (nimble swimmer 1), tentacles
a: Begin Untransformation, Renounce Religion, Stomp


You were on level 5 of the Dungeon.
You worshipped Uskayaw.
Uskayaw was noncommittal.
You were a hulking beast.
You visited 2 branches of the dungeon, and saw 6 of its levels.

You collected 198 gold pieces.

Inventory:

Hand Weapons
 h - a +2 heavy mace
 j - a +2 dagger of draining (weapon)
Armour
 w - the +0 robe of Porgh {Rampage}
   (You found it on level 4 of the Dungeon)

   Rampage:   It bestows one free step when moving towards enemies.
 z - a +0 hat
Jewellery
 l - a +6 ring of dexterity (left tentacle)
 m - a ring of positive energy (right tentacle)
 u - a ring of willpower (on tentacle)
Talismans
 b - a beast talisman (active)
 c - a flux talisman
 y - a beast talisman (active)
Scrolls
 f - a scroll of identify {unknown}
 g - a scroll of amnesia
 i - a scroll of fog {unknown}
 n - a scroll of poison {unknown}
 o - 2 scrolls of noise {unknown}
 v - 3 scrolls of teleportation {unknown}
 x - a scroll of enchant weapon {unknown}
Potions
 a - a potion of lignification
 d - a potion of haste {unknown}
 k - 2 potions of invisibility {unknown}
 p - a potion of ambrosia {unknown}
 q - a potion of might {unknown}
 r - a potion of brilliance {unknown}
 s - 3 potions of curing {unknown}
 t - a potion of mutation {unknown}
 A - a potion of resistance {unknown}


   Skills:
 + Level 1.5 Fighting
 + Level 2.3 Dodging
 + Level 3.4 Stealth
 + Level 3.2 Unarmed Combat
 + Level 1.0 Invocations
 + Level 7.0 Shapeshifting


You had 6 spell levels left.
You didn't know any spells.
Your spell library contained the following spells:

 Spells                   Type           Power      Damage    Failure   Level
 Sandblast                Erth           0%         2d4       30%         1
 Passwall                 Erth           0%         N/A       67%         3
 Stone Arrow              Conj/Erth      0%         3d7       67%         3
 Alistair's Intoxication  Alch           0%         N/A       100%        5
 Borgnjor's Vile Clutch   Necr/Erth      0%         N/A       100%        5
 Eringya's Noxious Bog    Alch           0%         4d6       100%        6


Dungeon Overview and Level Annotations

Branches:
Dungeon (5/15)             Temple (1/1) D:5

Altars:
Ashenzari
Cheibriados
Dithmenos
Elyvilon
Fedhas
Gozag
Hepliaklqana
Kikubaaqudgha
Makhleb
Nemelex Xobeh
Okawaru
Qazlal
Ru
Uskayaw
Vehumet
Wu Jian
Yredelemnul
The Shining One

Shops:
D:4 ?

Annotations:
D:1 2fear,amne


Innate Abilities, Weirdness & Mutations

You are a hulking beast.
Your limbs bulge with bestial killing power. (Slay +4)
You cannot wear most types of armour.
You are amphibious.
You can wear up to eight rings at the same time.
Your skin changes colour to match your surroundings (Stealth+).
Your rubbery body absorbs attacks. (AC +1, EV +1)
((You are camouflaged when in or above water. (Stealth+)))
You have tentacles for arms and can constrict up to eight enemies at once.


Message History

You can no longer pass through a line of other dancers.
Annotate which branch? (. - D:5, ? - help, ! - show branch list)
What level of the Dungeon? 1 New annotation for D:1 (include '!' for warning): fear An ogre comes into view.
It is wielding a +0 giant spiked club.
The ogre shouts!
There is an open door here.
Okay, then.
Unknown command.
Unknown command.
You close the door.
Something unseen opens the door.
You close the door.
Something unseen opens the door.
You close the door.
Something unseen opens the door.
You close the door.
Something unseen opens the door.
You close the door.
Something unseen opens the door.
You close the door.
Something unseen breaks down the door.
You don't know any spells.
Okay, then.
Okay, then.
As you read the scroll labelled PAGUETIYRO, it crumbles to dust.
It is a scroll of amnesia.
You feel forgetful for a moment.
As you read the scroll of fear, it crumbles to dust.
You assume a fearsome visage.
The ogre looks frightened!
The ogre cowers, then darts away.
Annotate which branch? (. - D:5, ? - help, ! - show branch list)
What level of the Dungeon? 1 Current level annotation: fear New annotation for D:1 (include '!' for warning): 2fear,amne
There is a broken door here.
The lemure attacks as it pursues you! The lemure hits you.
* * * LOW HITPOINT WARNING * * *
The lemure attacks as it pursues you! The lemure closely misses you.
The lemure attacks as it pursues you! The lemure hits you.
* * * LOW HITPOINT WARNING * * *
The lemure attacks as it pursues you! The lemure hits you.
* * * LOW HITPOINT WARNING * * *
The lemure attacks as it pursues you! The lemure hits you.
You die...
Your body falls in perfect tune with the rhythm.

........#########...'.....#......
......5.# #...#.....#......
........# #...#.....#......
........+ #...#.....#......
........# #...#.....'......
........#########...#.....#.....#
................#...#.....#.....#
..........5.....#####.....#.##.##
...........รท...5h.........###...#
..........................##.....
..........................#......
###..........................._..
..#.......................#......
..#.............#####.....##.....
..#.....#########...#.....###...#
..#.....#...........#.....#.##.##
..#.....#...........#.....#......


You could see 2 lemures.

Vanquished Creatures
  An ogre (D:5)
  2 phantoms (D:5)
  2 scorpions
  A bombardier beetle (D:4)
  A hound (D:5)
  A jelly (D:5)
  Jessica (D:3)
  An iguana (D:5)
  3 gnolls (D:2)
  3 adders
  3 dart slugs
  A ribbon worm (D:4)
  An orc (D:4)
  4 bats
  8 endoplasms
  4 giant cockroaches
  8 goblins
  2 hobgoblins
  7 jackals
  7 kobolds
  3 quokkas
  5 ball pythons
  7 frilled lizards
  5 rats
81 creatures vanquished.

Notes
Turn   | Place    | Note
-------+----------+-------------------------------------------
     0 | D:1      | Cancer the Octopode Shapeshifter began the quest for the
                  | Orb.
     0 | D:1      | Reached XP level 1. HP: 13/13 MP: 1/1
    50 | D:1      | Reached skill level 1 in Stealth
   128 | D:1      | Reached XP level 2. HP: 18/18 MP: 2/2
   607 | D:1      | Reached XP level 3. HP: 23/23 MP: 3/3
   822 | D:1      | Found a faded altar of an unknown god.
  1072 | D:2      | Reached skill level 4 in Shapeshifting
  1160 | D:2      | Reached XP level 4. HP: 26/28 MP: 4/4
  1866 | D:3      | You fall into a shaft and drop 1 floor!
  1897 | D:4      | Found a hide-covered altar of Uskayaw.
  1934 | D:4      | Became a worshipper of Uskayaw the Reveller
  1958 | D:4      | Found a shadowy altar of Dithmenos.
  2056 | D:4      | Reached * piety under Uskayaw
  2109 | D:4      | Found an ornate altar of the Wu Jian Council.
  2110 | D:4      | Noticed a scorpion
  2113 | D:4      | Reached ** piety under Uskayaw
  2115 | D:4      | Killed a scorpion
  2116 | D:4      | Reached skill level 5 in Shapeshifting
  2116 | D:4      | Reached XP level 5. HP: 15/33 MP: 1/5
  2394 | D:4      | Identified the +0 robe of Porgh {Rampage}
  2517 | D:4      | Found Plog's Magic Scroll Shop.
  2830 | D:4      | Found a white marble altar of Elyvilon.
  3343 | D:3      | Found an ancient bone altar of Kikubaaqudgha.
  3346 | D:3      | Found a sparkling altar of Nemelex Xobeh.
  3407 | D:3      | Found a burning altar of Makhleb.
  3588 | D:3      | Noticed Jessica
  3593 | D:3      | Killed Jessica
  3594 | D:3      | Reached XP level 6. HP: 38/38 MP: 6/6
  3721 | D:5      | Entered Level 5 of the Dungeon
  3795 | D:5      | Reached skill level 6 in Shapeshifting
  3864 | D:5      | Found a broken altar of Ashenzari.
  3920 | D:5      | Found a staircase to the Ecumenical Temple.
  3927 | Temple   | Entered the Ecumenical Temple
  4026 | D:5      | Reached XP level 7. HP: 31/43 MP: 7/7
  4189 | D:5      | Reached skill level 7 in Shapeshifting
  4266 | D:5      | Reached skill level 1 in Invocations
  4269 | D:5      | HP: 2/43 [lemure[Pikel] (1)]
  4306 | D:5      | Slain by a lemure

Illustrated notes

Levels and vault maps discovered:
D:1:      saegor_arrival_fortress, layout_loops_ring,
          dilly_ecumenical_altar_fadedgnrine
D:2:      layout_rooms, serial_co_window_serial, co_window_paths_b,
          co_window_paths_b, co_window_corner_a, co_window_of_opportunity_a,
          co_window_paths_b, co_window_corner_b, co_window_paths_c,
          co_window_corner_b, co_window_unsneaky_path_a, co_window_2corner,
          co_window_unsneaky_path_d, co_window_broadway_b, glass_columns_c,
          glass_columns_a, minmay_misc_feat_rows
D:3:      layout_loops_ring, mainiacjoe_overflow_boulevard,
          gammafunk_temple_overflow_statue, uniq_jessica
D:4:      layout_basic, mainiacjoe_overflow_24_doors,
          mainiacjoe_overflow_surrounded_room, lemuel_doored_altar,
          eat_drink_and_be_merry_uskayaw, serial_shops, shop
D:5:      layout_gridville, lemuel_round_altar, minmay_temple_entry_nine_rooms,
          uniq_pikel
Temple:   hellmonk_temple_micro_hex

Skill      XL: |  1  2  3  4  5  6  7 |
---------------+----------------------+-----
Stealth        | 1 2 3 |  3.4
Shapeshifting  | 4 5 6 7 |  7.0
Invocations    | 1 |  1.0
Fighting       | |  1.5
Dodging        | |  2.3
Unarmed Combat | |  3.2

Action                     |  1- 3 |  4- 6 |  7- 9 || total
---------------------------+-------+-------+-------++-------
  Melee: Unarmed           |    16 |       |       ||    16
         Tentacles         |    17 |    14 |     3 ||    34
         Constrict         |    16 |    12 |     1 ||    29
         Mace              |    10 |       |       ||    10
         Dagger            |    27 |    66 |    16 ||   109
 Invoke: Stomp             |       |     1 |       ||     1
    Use: Scroll            |       |       |     3 ||     3
   Stab: Sleeping          |     8 |    12 |     2 ||    22
         Distracted        |       |     1 |       ||     1
 Armour: Skin              |    27 |    16 |    14 ||    57
  Dodge: Dodged            |    29 |    31 |    13 ||    73

Table legend: (Time is in decaauts)
 A = Elapsed time spent in this place.
 B = Non-inter-level travel time spent in this place.
 C = Inter-level travel time spent in this place.
 D = Time resting spent in this place.
 E = Time spent auto-exploring this place.
 F = Levels seen in this place.
 G = Mean time per level.
                   A        B        C        D        E       F      G
               +--------+--------+--------+--------+--------+-----+--------+
         Total |   4314 |   3990 |    324 |      0 |   3228 |   6 |  719.0 |
       Dungeon |   4313 |   3989 |    324 |      0 |   3228 |   5 |  862.6 |
        Temple |      1 |      1 |      0 |      0 |      0 |   1 |    1.0 |
               +--------+--------+--------+--------+--------+-----+--------+

Top non-repeatable levels by time:
     D:4: 1307 daAuts
     D:2: 966 daAuts
     D:1: 878 daAuts
     D:3: 672 daAuts
     D:5: 488 daAuts
  Temple: 1 daAuts
